 Dungeon Crawl Stone Soup version 0.26.1-11-gd32895ea62 (webtiles) character file.

Game seed: 14078946983583886047

21340 Kold the Bludgeoner (level 12, -4/71 HPs)
             Began as a Gargoyle Fighter on June 21, 2021.
             Was a High Priest of Okawaru.
             Slain by a minotaur
             ... wielding the +5 flail of Lisch {vorpal, *Contam +Blink rElec Str-2}
              (34 damage)
             ... in a Gauntlet.
             The game lasted 00:33:38 (13702 turns).

Kold the Bludgeoner (Gargoyle Fighter)             Turns: 13702, Time: 00:33:38

Health: -4/71      AC: 43    Str: 29    XL:     12   Next: 89%
Magic:  15/19      EV: 14    Int: 18    God:    Okawaru [*****.]
Gold:   400        SH:  9    Dex: 13    Spells: 11/11 levels left

rFire    . . .     SeeInvis .   J - +10 morningstar of Lyxid {freeze, Int+4}
rCold    . . .     Faith    +   B - +2 buckler
rNeg     + + .     Spirit   .   I - +8 chain mail "Ekhem" {+Blink +Fly Str+4 Int+3}
rPois    ∞         Reflect  .   u - +0 helmet
rElec    +         Harm     .   (no cloak)
rCorr    .         Rampage  .   D - +0 pair of gloves
Will     .....     NoTele   +   K - +2 pair of boots
Stlth    ..........             o - amulet of faith
HPRegen  0.21/turn              q - +4 ring of protection
MPRegen  0.16/turn              b - ring of Hudexas {rN+ AC+4 Str+2}

@: mighty, heroism, finesse, very slightly contaminated, invisible
A: talons 2, clever 1, negative energy resistance 1, electricity resistance,
strong 1, unbreathing, evolution 1, petrification resistance, miasma immunity,
AC +8
a: Renounce Religion, Evoke Blink, Evoke Flight, Heroism, Finesse


You were in a Gauntlet.
You worshipped Okawaru.
Okawaru was extremely pleased with you.
You visited 3 branches of the dungeon, and saw 13 of its levels.
You also visited: Ossuary, Bailey and Gauntlet.

You collected 1222 gold pieces.
You spent 822 gold pieces at shops.

Inventory:

Hand Weapons
 l - a +1 demon whip of venom
 C - a +3 flail of protection
 J - the +10 morningstar of Lyxid (weapon) {freeze, Int+4}
   (Okawaru gifted it to you on level 1 of the Lair of Beasts)

   It has been specially enchanted to freeze those struck by it, causing extra
   injury to most foes and up to half again as much damage against particularly
   susceptible opponents.
   It can also slow down cold-blooded creatures.
   It affects your intelligence (+4).
Missiles
 v - 7 silver javelins (quivered)
Armour
 c - a +0 kite shield
 u - a +0 helmet (worn)
 B - a +2 buckler (worn)
 D - a +0 pair of gloves (worn)
 H - a +2 robe of the Archmagi
 I - the +8 chain mail "Ekhem" (worn) {+Blink +Fly Str+4 Int+3}
   (You took it off a kobold on level 10 of the Dungeon)

   It affects your strength (+4).
   It affects your intelligence (+3).
   It lets you fly.
   It lets you blink.
 K - a +2 pair of boots (worn)
 M - the +0 plate armour of Circular Logic {rN+ Str+6, unknown}
   (Okawaru gifted it to you on level 2 of the Lair of Beasts)

   It affects your strength (+6).
   It protects you from negative energy.
 P - a +1 pair of boots of stealth
Jewellery
 b - the ring of Hudexas (right hand) {rN+ AC+4 Str+2}
   (You bought it in a shop on level 9 of the Dungeon)

   [ring of protection]

   It affects your AC (+4).
   It affects your strength (+2).
   It protects you from negative energy.
 o - an amulet of faith (around neck)
 q - a +4 ring of protection (left hand)
 L - an uncursed amulet of guardian spirit {unknown}
 N - an uncursed ring of protection from fire {unknown}
Wands
 r - a wand of polymorph (13)
 G - a wand of random effects (12)
Scrolls
 e - 5 scrolls of remove curse
 f - 4 scrolls of magic mapping
 h - 12 scrolls of identify
 j - 2 scrolls of enchant armour
 k - 8 scrolls of teleportation
 m - 5 scrolls of amnesia
 y - a scroll of fog
 A - 2 scrolls of vulnerability {unknown}
 F - 2 scrolls of immolation {unknown}
 O - a scroll of enchant weapon
Potions
 g - 9 potions of curing
 i - 3 potions of mutation
 n - 2 potions of invisibility
 p - 2 potions of brilliance
 s - 4 potions of lignification
 t - a potion of cancellation
 z - 2 potions of attraction
Miscellaneous
 E - a condenser vane (inert)


   Skills:
 - Level 6.9(11.9) Fighting
 * Level 15.0(20.0) Maces & Flails
 - Level 7.2(12.2) Armour
 - Level 4.6(9.6) Dodging
 - Level 1.0(6.0) Stealth
 - Level 6.1(11.1) Shields
 + Level 9.9 Invocations


You had 11 spell levels left.
You didn't know any spells.
Your spell library contained the following spells:

 Spells                   Type           Power        Failure   Level
 Sandblast                Erth           0%           63%         1
 Passwall                 Tmut/Erth      0%           77%         2
 Poisonous Vapours        Pois/Air       0%           77%         2
 Confusing Touch          Hex            0%           94%         3
 Conjure Flame            Conj/Fire      0%           94%         3
 Gell's Gravitas          Tloc           0%           94%         3
 Mephitic Cloud           Conj/Pois/Air  0%           94%         3
 Stone Arrow              Conj/Erth      0%           94%         3
 Petrify                  Tmut/Erth      0%           100%        4
 Lee's Rapid Deconstruct  Erth           0%           100%        5
 Metabolic Englaciation   Hex/Ice        0%           100%        5
 Yara's Violent Unravell  Hex/Tmut       0%           100%        5
 Freezing Cloud           Conj/Ice/Air   0%           100%        6


Dungeon Overview and Level Annotations

Branches:
Dungeon (10/15)            Temple (1/1) D:4            Lair (2/6) D:8
 Spider (0/4) Lair:2      Ossuary (visited)          Bailey (visited)
Gauntlet (1/1)
  Swamp: Lair:2-4    Shoals: Lair:2-4       Orc: D:9-12

Altars:
Cheibriados
Dithmenos
Elyvilon
Fedhas
Gozag
Kikubaaqudgha
Makhleb
Nemelex Xobeh
Okawaru
Qazlal
Ru
Sif Muna
Trog
Uskayaw
Vehumet
Xom
Yredelemnul
Zin
The Shining One

Shops:
D:6 *   D:9 =

Annotations:
D:4 1 runed translucent door, Statics's ghost, amateur OpFi Gauntlet 8 transporters


Innate Abilities, Weirdness & Mutations

You are resistant to torment.
Your stone body is resilient. (AC +8)
You are immune to poison.
You resist negative energy. (rN+)
You are resistant to electric shocks. (rElec)
You can survive without breathing.
You are immune to petrification.
You are immune to miasma.
You have razor-sharp toenails.
Your mind is acute. (Int +2)
Your muscles are strong. (Str +2)
You evolve.


Message History

The minotaur is engulfed in noxious fumes.
The minotaur appears confused.
The minotaur barely misses you. The minotaur gores you!
You catch the helpless minotaur completely off-guard!
You sock the minotaur! You freeze the minotaur.
The minotaur is moderately wounded.
You bludgeon the minotaur!! You freeze the minotaur.
The minotaur is heavily wounded.
The minotaur is engulfed in noxious fumes.
The minotaur is engulfed in noxious fumes.
The minotaur appears confused.
You feel better.
The minotaur is engulfed in noxious fumes. x2
The minotaur appears confused.
The minotaur is engulfed in noxious fumes.
You bludgeon the minotaur!! You freeze the minotaur.
The minotaur is severely wounded.
The minotaur is engulfed in noxious fumes.
The minotaur hits you with the +5 flail of Lisch {vorpal, *Contam +Blink rElec Str-2}!!
You die...

#..#.8.#
#..#...#############
#..#.8.##..........#
#..#...##.########.#
#..#...##.#(..H..#.#
..≈#.©.##.#.####.#.#
..∩#......#§# #.#
..≈#.©.####.######.#
#..#...# #..☼.H@..#
#..#...# ##########
#..#.8.# #..#...#
#..#.8.# #..#...#
#..#≈8≈# #..#####
#..###


You could see a minotaur (berserk, confused).

Vanquished Creatures
  A dire elephant (Gauntlet)
  A boulder beetle (D:10)
  A hydra (Gauntlet)
  A centaur warrior (D:10)
  A two-headed ogre (D:8)
  Erica (D:9)
  Urug (D:10)
  2 deep elf magi (D:10)
  An orc knight (D:10)
  A centaur zombie (D:10)
  6 elephants
  Psyche (D:10)
  4 cane toads (Lair:1)
  A torpor snail (Gauntlet)
  A komodo dragon (Lair:1)
  3 trolls
  A tengu conjurer (D:10)
  5 blink frogs (Lair:1)
  Grinder (D:3)
  A slime creature (D:10)
  Sigmund (D:3)
  8 yaks
  A spriggan (shapeshifter) (D:10)
  Eustachio (D:6)
  A wyvern (Lair:2)
  Edmund (D:5)
  3 wargs (D:8)
  4 water moccasins
  3 sky beasts
  7 orc warriors
  3 black bears
  4 ice beasts
  3 ogres
  A necrophage (D:9)
  A centaur (D:5)
  8 wolves (Lair:1)
  Blork the orc (D:6)
  3 big kobolds
  11 bullfrogs
  3 scorpions
  10 killer bees
  A wight (D:8)
  8 howler monkeys
  6 hounds
  2 orc priests
  2 jellies
  9 orc wizards
  8 iguanas
  Natasha (thrice) (D:3)
  9 worker ants
  5 big kobold zombies (Ossuary)
  A hound skeleton (D:7)
  A mummy (Ossuary)
  A worker ant zombie (D:7)
  7 gnolls
  4 adders
  2 shadow imps (D:10)
  2 white imps
  2 ufetubi
  An ooze (D:2)
  An adder zombie (D:5)
  A worm (D:2)
  3 dart slugs
  6 leopard geckos
  27 orcs
  3 spectral bats (Ossuary)
  9 bats
  2 giant cockroaches
  9 goblins
  13 hobgoblins
  15 jackals
  37 kobolds
  6 quokkas
  A ball python (D:7)
  A ball python skeleton (D:4)
  4 bat simulacra (Ossuary)
  5 frilled lizards
  7 gnoll zombies (Ossuary)
  A goblin simulacrum (Ossuary)
  6 goblin zombies (Ossuary)
  6 hobgoblin zombies (Ossuary)
  6 kobold simulacra (Ossuary)
  4 kobold zombies (Ossuary)
  2 orc zombies (Ossuary)
  2 quokka zombies (D:6)
  7 rats
  2 spectral goblins (Ossuary)
  6 spectral kobolds (Ossuary)
  2 spectral rats (Ossuary)
381 creatures vanquished.

Vanquished Creatures (others)
  3 fungi
  15 plants
18 creatures vanquished.

Grand Total: 399 creatures vanquished

Notes
Turn   | Place    | Note
-------+----------+-------------------------------------------
     0 | D:1      | Kold the Gargoyle Fighter began the quest for the Orb.
     0 | D:1      | Reached XP level 1. HP: 14/14 MP: 1/1
   165 | D:1      | Reached XP level 2. HP: 19/19 MP: 2/2
   865 | D:2      | Reached XP level 3. HP: 23/23 MP: 3/3
   879 | D:2      | Found a sparkling altar of Nemelex Xobeh.
   984 | D:2      | Found an ancient bone altar of Kikubaaqudgha.
  1023 | D:2      | Reached skill level 3 in Maces & Flails
  1153 | D:2      | Reached XP level 4. HP: 21/28 MP: 4/4
  1163 | D:2      | Reached skill level 1 in Stealth
  1467 | D:2      | Reached XP level 5. HP: 30/32 MP: 5/5
  1854 | D:3      | Found a snail-covered altar of Cheibriados.
  1864 | D:3      | Noticed Natasha
  1874 | D:3      | Killed Natasha
  1887 | D:3      | Noticed Natasha
  1894 | D:3      | Killed Natasha
  1900 | D:3      | Noticed Grinder
  1900 | D:3      | Paralysed by Grinder for 7 turns
  1919 | D:3      | Noticed Natasha
  1937 | D:3      | Killed Grinder
  1938 | D:3      | Reached skill level 4 in Maces & Flails
  1938 | D:3      | Reached skill level 5 in Shields
  1938 | D:3      | Reached XP level 6. HP: 18/37 MP: 6/6
  1941 | D:3      | Killed Natasha
  2416 | D:3      | Noticed Sigmund
  2595 | D:3      | Killed Sigmund
  2596 | D:3      | Reached skill level 5 in Maces & Flails
  2596 | D:3      | Reached XP level 7. HP: 41/41 MP: 7/7
  2621 | D:3      | Found a bloodstained altar of Trog.
  2848 | D:4      | Reached skill level 1 in Dodging
  2863 | D:4      | Found a runed translucent door.
  2867 | D:4      | You fall into a shaft and drop 2 floors!
  2868 | D:6      | Noticed Blork the orc
  2876 | D:6      | Killed Blork the orc
  2877 | D:6      | Reached skill level 6 in Maces & Flails
  2883 | D:6      | Found a sand-covered staircase.
  2938 | D:5      | Entered Level 5 of the Dungeon
  2976 | D:6      | Found Geelamp's General Store.
  3018 | Ossuary  | Entered an ossuary
  3221 | Ossuary  | Reached skill level 7 in Maces & Flails
  3237 | Ossuary  | Reached XP level 8. HP: 46/46 MP: 8/8
  3673 | D:5      | Reached skill level 8 in Maces & Flails
  4014 | D:4      | Noticed Statics's ghost (amateur OpFi)
  4331 | D:4      | Found a staircase to the Ecumenical Temple.
  4341 | Temple   | Entered the Ecumenical Temple
  4387 | Temple   | Became a worshipper of Warmaster Okawaru
  4442 | D:4      | You fall into a shaft and drop 3 floors!
  4460 | D:7      | Reached skill level 9 in Maces & Flails
  4460 | D:7      | Reached skill level 1 in Invocations
  4623 | D:6      | Noticed Eustachio
  4656 | D:6      | Killed Eustachio
  4659 | D:6      | Reached XP level 9. HP: 48/51 MP: 9/11
  4737 | D:6      | Found a glowing golden altar of the Shining One.
  4843 | D:5      | Noticed Edmund
  4864 | D:5      | Killed Edmund
  4864 | D:5      | Reached * piety under Okawaru
  6460 | D:7      | Reached skill level 10 in Maces & Flails
  6460 | D:7      | Reached skill level 5 in Invocations
  7115 | D:8      | Noticed a two-headed ogre
  7251 | D:8      | Reached ** piety under Okawaru
  7595 | D:8      | Reached skill level 11 in Maces & Flails
  7635 | D:8      | Found a blossoming altar of Fedhas.
  7875 | D:8      | Reached XP level 10. HP: 44/56 MP: 14/14
  8258 | D:8      | Reached skill level 12 in Maces & Flails
  8447 | D:8      | Found a staircase to the Lair.
  8550 | D:8      | Killed a two-headed ogre
  8550 | D:8      | Reached *** piety under Okawaru
  8945 | D:8      | Identified the +0 leather armour of Brilliance {Regen+ MP+9
                  | Str+2}
  8951 | D:8      | Reached skill level 13 in Maces & Flails
  9198 | D:9      | Found Pirit's Jewellery Shop.
  9264 | D:9      | Found a flagged portal.
  9284 | Bailey   | Entered a bailey
  9334 | Bailey   | Reached **** piety under Okawaru
  9407 | Bailey   | Gained mutation: You evolve. [potion of mutation]
  9407 | Bailey   | Gained mutation: Your muscles are strong. (Str +2) [potion
                  | of mutation]
  9407 | Bailey   | Gained mutation: You have sharp toenails. [potion of
                  | mutation]
  9407 | Bailey   | Gained mutation: You have razor-sharp toenails. [potion of
                  | mutation]
  9679 | D:9      | Bought the ring of Hudexas {rN+ AC+4 Str+2} for 822 gold
                  | pieces
  9697 | D:9      | Noticed Erica
  9713 | D:9      | Killed Erica
  9714 | D:9      | Reached skill level 14 in Maces & Flails
  9714 | D:9      | Reached XP level 11. HP: 49/60 MP: 15/15
 10356 | D:10     | Entered Level 10 of the Dungeon
 10427 | D:10     | Noticed a deep elf mage
 10436 | D:10     | Identified the +8 chain mail "Ekhem" {+Blink +Fly Str+4
                  | Int+3}
 10607 | D:10     | Found a snail-covered altar of Cheibriados.
 10651 | D:10     | Reached ***** piety under Okawaru
 10680 | D:10     | Noticed Psyche
 10690 | D:10     | Noticed a centaur warrior
 10708 | D:10     | Killed Psyche
 10717 | D:10     | Killed a centaur warrior
 10727 | D:10     | Reached skill level 5 in Armour
 10956 | D:10     | Noticed an orc knight
 10975 | D:10     | Killed a deep elf mage
 11141 | D:10     | Reached skill level 5 in Fighting
 11268 | D:10     | Killed an orc knight
 11268 | D:10     | Received a gift from Okawaru
 11366 | D:10     | Found a shimmering altar of Xom.
 11414 | D:10     | Noticed a deep elf mage
 11416 | D:10     | Noticed Urug
 11434 | D:10     | Killed Urug
 11457 | D:10     | Killed a deep elf mage
 11496 | D:10     | Noticed a boulder beetle
 11507 | D:10     | Killed a boulder beetle
 12266 | Lair:1   | Entered Level 1 of the Lair of Beasts
 12290 | Lair:1   | Reached XP level 12. HP: 70/70 MP: 16/18
 12511 | Lair:1   | Received a gift from Okawaru
 12540 | Lair:1   | Got an ichor-stained morningstar {god gift}
 12542 | Lair:1   | Identified the +10 morningstar of Lyxid {freeze, Int+4}
                  | (Okawaru gifted it to you on level 1 of the Lair of Beasts)
 13172 | Lair:1   | Gained mutation: Your mind is acute. (Int +2) [evolution]
 13310 | Lair:2   | Received a gift from Okawaru
 13313 | Lair:2   | Got a jewelled plate armour {god gift}
 13342 | Lair:2   | Found a gate leading to a gauntlet.
 13351 | Gauntlet | Entered a Gauntlet
 13351 | Gauntlet | Found a transporter.
 13351 | Gauntlet | Found a transporter.
 13351 | Gauntlet | Found a transporter.
 13351 | Gauntlet | Noticed a four-headed hydra
 13355 | Gauntlet | Found a transporter.
 13363 | Gauntlet | Noticed a dire elephant
 13365 | Gauntlet | Found a transporter.
 13430 | Gauntlet | Found a transporter.
 13442 | Gauntlet | Found a transporter.
 13456 | Gauntlet | Found a transporter.
 13468 | Gauntlet | Found a transporter.
 13481 | Gauntlet | Found a transporter.
 13487 | Gauntlet | Found a transporter.
 13508 | Gauntlet | Found a transporter.
 13559 | Gauntlet | Killed a four-headed hydra
 13595 | Gauntlet | Killed a dire elephant
 13600 | Gauntlet | Reached skill level 15 in Maces & Flails
 13676 | Gauntlet | Identified the +5 flail of Lisch {vorpal, *Contam +Blink
                  | rElec Str-2}
 13676 | Gauntlet | Noticed a minotaur
 13702 | Gauntlet | Slain by a minotaur

Illustrated notes

Levels and vault maps discovered:
D:1:      ebering_trefoil_twist, layout_basic
D:2:      layout_loops_cross, nemelex_xobeh_ov_fountains_minmay,
          overflow_temple_1_default, minmay_misc_feat_nine_boxes
D:3:      layout_basic, lightli_temple_of_fire, cheibriados_altar_1,
          serial_rivers, chequers_serial_rivers_micro_b,
          chequers_serial_rivers_marsh, chequers_serial_rivers_micro_e,
          chequers_serial_rivers_micro_c, chequers_serial_rivers_small_3,
          chequers_serial_rivers_room_a, hangedman_decor_opposing, uniq_sigmund,
          uniq_grinder, uniq_natasha
D:4:      minmay_chambers_of_fours, layout_basic, minmay_temple_entry_ruins,
          ebering_ghost_sewer_d, serial_bayou_ford_a, minivault_5
D:5:      layout_basic, uniq_edmund
D:6:      layout_cave_pools, marbit_many_paths, serial_shops, shop,
          enter_ossuary_1, uniq_blork_the_orc, uniq_eustachio
D:7:      layout_basic, serial_glass, glass_columns_b, glass_columns_a,
          glass_columns_b, glass_columns_b, glass_columns_a, glass_columns_a,
          chequers_serial_rivers_marsh
D:8:      layout_loops_corners, old_standard_altar, erik_lair_orcish_takeover,
          kennysheep_generic_room_9
D:9:      layout_basic, enter_bailey_4, serial_shops, nicolae_shop_waterfront,
          minivault_19, uniq_erica
D:10:     minmay_the_grid_octo_2x2 [minmay_the_grid_octo_vomiting_pacman,
          minmay_the_grid_octo_teeth, minmay_the_grid_octo_pinwheel,
          minmay_the_grid_octo_prize_star], layout_loops_cross, basic_altar,
          minmay_stone_trees_small, uniq_psyche, uniq_urug
Temple:   compressed_dpeg_circular_temple
Lair:1:   layout_hall_layers
Lair:2:   layout_misc_corridors, nicolae_spider_entry_tight_spaces,
          gauntlet_entry_generic, infiniplex_staircase_pool
Gauntlet: gammafunk_gauntlet_shortcut [gammafunk_gauntlet_arena_open,
          gammafunk_gauntlet_arena_hedges,
          gammafunk_gauntlet_arena_split_diamond, nicolae_gauntlet_arena_blocks,
          gammafunk_gauntlet_arena_teeth, nicolae_gauntlet_arena_t_cross,
          gauntlet_exit_spiral]

Skill      XL: |  1  2  3  4  5  6  7  8  9 10 11 12 |
---------------+-------------------------------------+-----
Shields        | 4 5 6 |  6.1
Maces & Flails | 3 4 5 7 9 11 14 15 | 15.0
Stealth        | 1 |  1.0
Armour         | 4 6 7 |  7.2
Dodging        | 1 4 |  4.6
Invocations    | 3 6 8 9 |  9.9
Fighting       | 6 |  6.9

Action                   |  1- 3 |  4- 6 |  7- 9 | 10-12 || total
-------------------------+-------+-------+-------+-------++-------
Melee: Flail             |    42 |       |   255 |   471 ||   768
       Short sword       |    37 |   105 |       |       ||   142
       Unarmed           |       |     5 |       |       ||     5
       Whip              |       |    32 |   449 |       ||   481
       Kick              |       |       |       |   132 ||   132
       Demon whip        |       |       |       |   135 ||   135
       Morningstar       |       |       |       |    97 ||    97
Throw: Boomerang         |       |       |       |    23 ||    23
Invok: Heroism           |       |       |     1 |    14 ||    15
       Finesse           |       |       |       |     5 ||     5
Evoke: Condenser vane    |       |       |       |     1 ||     1
  Use: Scroll            |       |       |     8 |    12 ||    20
       Potion            |       |       |       |    14 ||    14
 Stab: Sleeping          |       |       |     7 |       ||     7
       Distracted        |       |       |       |     1 ||     1
       Invisible         |       |       |       |     1 ||     1
Armor: Scale mail        |    49 |    81 |       |       ||   130
       Skin              |       |     9 |       |     3 ||    12
       Robe              |       |       |   223 |    59 ||   282
       Leather armour    |       |       |       |   184 ||   184
       Chain mail        |       |       |       |   134 ||   134
Dodge: Dodged            |    20 |    42 |   222 |   358 ||   642
Block: Kite shield       |    42 |    73 |   308 |   288 ||   711
       Buckler           |       |       |       |   108 ||   108
